 Dungeon Crawl Stone Soup version 0.29.1-12-g30fa7ad0bf (webtiles) character file.

Game seed: 485729210054244325

211 Gabide the Poker (level 6, 0/49 HPs)
             Began as a Human Monk on Jan 7, 2023.
             Killed by divine providence
             ... invoked by an orc priest
              (13 damage)
             ... on level 3 of the Dungeon.
             The game lasted 00:07:26 (3929 turns).

Gabide the Poker (Human Monk)                       Turns: 3929, Time: 00:07:26

Health: 0/49       AC:  1    Str:  8    XL:     6   Next: 13%
Magic:  15/15      EV: 14    Int: 13    God:
Gold:   97         SH:  0    Dex: 20    Spells: 5/5 levels left

rFire   . . .      SeeInvis .   a - +0 spear
rCold   . . .      Faith    .   (no shield)
rNeg    . . .      Spirit   .   s - +0 robe
rPois   .          Reflect  .   (no helmet)
rElec   .          Harm     .   (no cloak)
rCorr   .          Rampage  .   (no gloves)
Will    .....                   (no boots)
Stlth   ++........              (no amulet)
HPRegen 0.16/turn               i - ring of magical power
MPRegen 0.14/turn               (no ring)

@: no status effects
A: agile 1, clever 1, deformed body, weak 1
a: no special abilities


You were on level 3 of the Dungeon.
You visited 1 branch of the dungeon, and saw 3 of its levels.

You collected 127 gold pieces.
You spent 30 gold pieces at shops.

Inventory:

Hand Weapons
 a - a +0 spear (weapon)
Missiles
 l - 2 boomerangs (quivered)
 q - a javelin
Armour
 s - a +0 robe (worn)
Jewellery
 i - a ring of magical power (left hand)
Scrolls
 k - a scroll of summoning {unknown}
 m - a scroll of magic mapping {unknown}
 r - a scroll of acquirement {unknown}
Potions
 b - a potion of mutation
 c - a potion of brilliance
 f - a potion of attraction
 g - a potion of cancellation
 p - a potion of curing


   Skills:
 + Level 4.3 Fighting
 + Level 4.4 Polearms
 + Level 4.3 Dodging
 - Level 2.0 Stealth


You had 5 spell levels left.
You didn't know any spells.
Your spell library contained the following spells:

 Spells                   Type           Power      Damage    Failure   Level
 Necrotise                Necr           0%         1d4       30%         1
 Sublimation of Blood     Necr           0%         N/A       43%         2
 Vampiric Draining        Necr           0%         2d6       67%         3
 Hailstorm                Conj/Ice       0%         3d3       97%         4
 Ice Form                 Ice/Tmut       0%         N/A       97%         4
 Petrify                  Tmut/Erth      0%         N/A       97%         4
 Agony                    Necr           0%         N/A       100%        5
 Irradiate                Conj/Tmut      0%         3d11      100%        5
 Simulacrum               Ice/Necr       0%         N/A       100%        6


Dungeon Overview and Level Annotations

Branches:
Dungeon (3/15)

Altars:
Fedhas

Shops:
D:1 ?

Annotations:
D:3 Robin


Innate Abilities, Weirdness & Mutations

You are agile. (Dex +4, Str/Int -1)
Your mind is acute. (Int +4, Str/Dex -1)
Armour fits poorly on your strangely shaped body.
You are weak. (Str -2)


Message History

Aim: an orc, wielding a +0 dagger and wearing a +0 ring mail (almost dead, about 29% to evade your +0 spear)
You reach to attack!
You hit the orc but do no damage.
The orc is almost dead.
Unknown command.
You hit the orc but do no damage.
The orc is almost dead.
The orc barely misses you.
The orc priest shouts!
You hit the orc.
You kill the orc!
Items here: $ ) ? [.
The orc priest hits you with a +0 short sword.
You closely miss the orc priest.
The orc priest hits you with a +0 short sword.
You hit the orc priest.
The orc priest is lightly wounded.
The orc priest closely misses you.
The orc shouts!
You hit the orc priest but do no damage.
The orc priest is lightly wounded.
The orc priest misses you.
You hit the orc priest but do no damage.
The orc priest is lightly wounded.
The orc priest barely misses you.
A goblin comes into view. It is wielding a +0 dagger.
You hit the orc priest but do no damage.
The orc priest is lightly wounded.
You barely miss the orc priest.
The orc priest is lightly wounded.
The orc priest mumbles some strange prayers to Beogh against you.
Pain shoots through your body!
You barely miss the orc priest.
The orc priest is lightly wounded.
The orc priest hits you with a +0 short sword.
* * * LOW HITPOINT WARNING * * *
You hit the orc priest but do no damage.
The orc priest is lightly wounded.
The orc priest invokes the aid of Beogh against you.
Beogh smites you!
You die...

......#..#.#
#...#.#.##.#
.>..#...g..##
##..#.......#
...#.#####g#
.........#
.....##..# #
....#...########..#
#...g#.).)@oog.#
#....#.######.##
##...#.# #..#....#
#....#.###
#.....#.# ........#
.....#### #####


You could see an orc priest, an orc and a goblin.

Vanquished Creatures
  An ice beast (D:3)
  6 adders
  A worm (D:2)
  5 orcs (D:3)
  2 endoplasms
  3 giant cockroaches
  6 hobgoblins
  2 jackals (D:1)
  2 quokkas (D:1)
  7 ball pythons
  7 bats
  6 goblins
  6 kobolds
  A spectral hobgoblin (D:1)
55 creatures vanquished.

Notes
Turn   | Place    | Note
-------+----------+-------------------------------------------
     0 | D:1      | Gabide the Human Monk began the quest for the Orb.
     0 | D:1      | Reached XP level 1. HP: 18/18 MP: 1/1
    44 | D:1      | Found a faded altar of an unknown god.
   292 | D:1      | Reached XP level 2. HP: 22/24 MP: 2/2
   974 | D:1      | Found Reonom's Magic Scroll Emporium.
   980 | D:1      | Bought a scroll of teleportation for 30 gold pieces
  1100 | D:2      | Reached XP level 3. HP: 29/29 MP: 3/3
  1650 | D:2      | Reached XP level 4. HP: 35/35 MP: 4/4
  1743 | D:2      | Found a blossoming altar of Fedhas.
  2228 | D:3      | Gained mutation: Armour fits poorly on your strangely
                  | shaped body. [potion of mutation]
  2228 | D:3      | Gained mutation: You are weak. (Str -2) [potion of
                  | mutation]
  2228 | D:3      | Gained mutation: You are agile. (Dex +4, Str/Int -1)
                  | [potion of mutation]
  2228 | D:3      | Gained mutation: Your mind is acute. (Int +4, Str/Dex -1)
                  | [potion of mutation]
  3138 | D:3      | Reached XP level 5. HP: 25/42 MP: 5/5
  3311 | D:3      | Noticed an ice beast
  3318 | D:3      | Killed an ice beast
  3319 | D:3      | Reached XP level 6. HP: 48/48 MP: 6/6
  3769 | D:3      | Noticed Robin
  3929 | D:3      | Killed from afar by an orc priest

Illustrated notes

Levels and vault maps discovered:
D:1:      dpeg_arrival_orchard, layout_loops_corners,
          dreamdust_ecumenical_altar_drowned_temple, serial_shops, shop
D:2:      layout_basic, basic_altar
D:3:      layout_basic, grunt_temple_overflow_open, dk_vineyard_1,
          minmay_misc_feat_chi, uniq_robin

Skill      XL: |  1  2  3  4  5 |
---------------+----------------+-----
Fighting       | 4 |  4.3
Polearms       | 4 |  4.4
Dodging        | 4 |  4.3
Stealth        | |  2.0

Action                   |  1- 3 |  4- 6 || total
-------------------------+-------+-------++-------
Melee: Spear             |   126 |   131 ||   257
Throw: Stone             |    19 |       ||    19
       Boomerang         |     5 |    14 ||    19
       Javelin           |       |     2 ||     2
  Use: Potion            |     1 |     3 ||     4
       Scroll            |       |    11 ||    11
 Stab: Sleeping          |     1 |     3 ||     4
       Distracted        |       |     1 ||     1
Armor: Robe              |     5 |     2 ||     7
       Ring mail         |    23 |    16 ||    39
Dodge: Dodged            |    61 |    60 ||   121
